 Dungeon Crawl Stone Soup version 0.23-a0-582-g1b4a0ca (webtiles) character file.

14415 gruber the Cruncher (level 12, -3/58 HPs)
             Began as a Vine Stalker Gladiator on Dec 16, 2018.
             Was a High Priest of Okawaru.
             Slain by a wraith (8 damage)
             ... led by Josephine
             ... on level 11 of the Dungeon.
             The game lasted 00:21:01 (7588 turns).

gruber the Cruncher (Vine Stalker Gladiator)        Turns: 7588, Time: 00:21:01

Health: -3/58      AC: 16    Str: 18    XL:     12   Next: 16%
Magic:  0/14       EV: 17    Int:  8    God:    Okawaru [*****.]
Gold:   480        SH:  0    Dex: 25    Spells: 9/11 levels left

rFire    . . .     SeeInvis .   L - +2 lajatang (protect)
rCold    + . .     Gourm    .   (shield currently unavailable)
rNeg     . . .     Faith    .   G - +1 ring mail "Xeciuptan" {rPois rC+}
rPois    +         Spirit   +   w - +2 hat
rElec    .         Reflect  .   z - +0 cloak
rCorr    .         Harm     .   c - +1 pair of gloves
MR       +....                  E - +0 pair of boots
Stlth    +.........             (no amulet)
HPRegen  0.99/turn              I - +2 ring of dexterity
MPRegen  0.14/turn              h - +3 ring of dexterity

@: hasted and slowed, drained
A: fangs 3, hooves 1, molten scales 1, high mp 1, regeneration 2, magic shield,
antimagic bite, no potion heal 3, rot immunity
a: Heroism, Finesse, Renounce Religion


You were on level 11 of the Dungeon.
You worshipped Okawaru.
Okawaru was extremely pleased with you.
You were hungry.

You visited 2 branches of the dungeon, and saw 12 of its levels.

You collected 655 gold pieces.
You spent 175 gold pieces at shops.

Inventory:

Hand Weapons
 g - a +1 quarterstaff of protection
 L - a +2 lajatang of protection (weapon)
Missiles
 d - 2 throwing nets (quivered)
Armour
 c - a +1 pair of gloves (worn)
 w - a +2 hat (worn)
 z - a +0 cloak (worn)
 E - a +0 pair of boots (worn)
 G - the +1 ring mail "Xeciuptan" (worn) {rPois rC+}
   (You found it on level 8 of the Dungeon)

   It protects you from cold.
   It protects you from poison.
Jewellery
 h - a +3 ring of dexterity (right hand)
 n - an uncursed ring of flight
 s - an uncursed ring of teleportation
 I - a +2 ring of dexterity (left hand)
Wands
 a - a wand of acid (11)
 j - a wand of polymorph (18)
 y - a wand of flame (61)
 B - a wand of disintegration (28)
 C - a wand of iceblast (10)
 J - a wand of random effects (11)
Scrolls
 e - 9 scrolls of identify
 i - 10 scrolls of remove curse
 l - 5 scrolls of teleportation
 p - 2 scrolls of magic mapping {unknown}
 r - a scroll of fog {unknown}
 u - 2 scrolls of enchant armour {unknown}
 v - 2 scrolls of immolation
 A - a scroll of vulnerability {unknown}
 D - a scroll of random uselessness {unknown}
 K - 2 scrolls of amnesia
Potions
 k - 2 potions of might {unknown}
 m - a potion of cancellation
 o - 2 potions of brilliance {unknown}
 q - 3 potions of magic {unknown}
 t - a potion of flight {unknown}
 x - 2 potions of curing
 F - a potion of agility {unknown}
Comestibles
 f - 21 rations


   Skills:
 - Level 4.6(4.2) Fighting
 - Level 13.0(12.4) Staves
 - Level 1.7(1.3) Throwing
 - Level 8.0(7.5) Armour
 * Level 7.0(6.5) Dodging


You had 9 spell levels left.
You knew the following spells:

 Your Spells              Type           Power        Failure   Level  Hunger
a - Blink                 Tloc           N/A          71%         2    ###....

Your spell library contained the following spells:

 Spells                   Type           Power        Failure   Level  Hunger
 Animate Skeleton         Necr           N/A          56%         1    ##.....
 Apportation              Tloc           #.....       56%         1    ##.....
 Beastly Appendage        Tmut           #.....       56%         1    ##.....
 Confusing Touch          Hex            #.....       56%         1    ##.....
 Corona                   Hex            #......      56%         1    ##.....
 Magic Dart               Conj           #...         56%         1    ##.....
 Summon Small Mammal      Summ           #...         56%         1    ##.....
 Call Imp                 Summ           #.......     71%         2    ###....
 Ensorcelled Hibernation  Hex/Ice        #.....       71%         2    ###....
 Searing Ray              Conj           #.....       71%         2    ###....
 Slow                     Hex            #.......     71%         2    ###....
 Sticks to Snakes         Tmut           #.......     71%         2    ###....
 Confuse                  Hex            #.......     91%         3    ####...
 Conjure Flame            Conj/Fire      #.......     91%         3    ####...
 Dazzling Spray           Conj/Hex       #.....       91%         3    ####...
 Mephitic Cloud           Conj/Pois/Air  #.......     91%         3    ####...
 Spider Form              Tmut/Pois      #.........   91%         3    ####...
 Tukima's Dance           Hex            #.......     91%         3    ####...
 Force Lance              Conj/Tloc      #.......     100%        4    #####..
 Fulminant Prism          Conj/Hex       #.........   100%        4    #####..
 Ice Form                 Ice/Tmut       #.......     100%        4    #####..
 Iskenderun's Mystic Bla  Conj           #.......     100%        4    #####..
 Blade Hands              Tmut           #.........   100%        5    ######.


Dungeon Overview and Level Annotations

Branches:
Dungeon (11/15)            Temple (1/1) D:6            Lair (0/6) D:8
    Orc (0/2) D:11

Altars:
Ashenzari
Dithmenos
Gozag
Hepliaklqana
Makhleb
Okawaru
Qazlal
Ru
Trog
Uskayaw
Yredelemnul
Zin

Shops:
D:4 *   D:6 ([

Annotations:
D:11 1 runed door, confidenceinterval's ghost, journeyman GnTm


Innate Abilities, Weirdness & Mutations

You have razor-sharp teeth.
You heal very quickly.
When hurt, damage is shared between your health and your magic reserves.
Your bite disrupts and absorbs the magic of your enemies.
Potions cannot restore your health.
You are immune to rotting.
You have large cloven feet.
You are partially covered in molten scales. (AC +2)
You have an increased reservoir of magic. (+10% MP)


Message History

The wraith misses you. The wraith hits you.
* * * LOW HITPOINT WARNING * * *
Josephine hits you but does no damage.
You are electrocuted!
* * * LOW HITPOINT WARNING * * *
Unknown command.
You closely miss Josephine. You bite Josephine!
You kill Josephine!
Okawaru is honoured by your kill.
Your base Dodging skill increases to level 7!
The wraith misses you. The wraith completely misses you. x2
As you read the scroll of fear, it crumbles to dust.
You assume a fearsome visage.
The wraith is unaffected. x3
You feel like a meek peon again. The wraith misses you.
The wraith completely misses you. The wraith closely misses you.
Unknown command.
Unknown command.
Okay, then.
You feel yourself speed up. The wraith hits you!
You die...

##.........##
##........##
##).......#
###.....##
#####.# #.#
##.# ###.##
##.@W.##
#.)WW..#
#.......#
#........#
#........#
#.........#
..........##
...........#
##.........#


You could see 3 wraiths.

Vanquished Creatures
  Josephine (D:11)
  Fannar (D:11)
  Harold (D:7)
  A two-headed ogre (D:10)
  An unseen horror (D:10)
  A deep troll (D:10)
  Pikel (D:6)
  A gargoyle (D:10)
  A komodo dragon (D:10)
  2 trolls
  A hornet (D:11)
  3 hippogriffs (D:11)
  Prince Ribbit (D:5)
  A wraith (D:10)
  6 yaks (D:10)
  A wyvern (D:8)
  2 hungry ghosts
  A slave (D:6)
  5 orc warriors
  A black bear (D:8)
  4 ice beasts
  A sky beast (D:10)
  4 ogres
  4 phantoms
  An eye of draining (D:11)
  2 centaurs
  2 crocodiles (D:8)
  3 big kobolds
  7 bullfrogs
  A gnoll sergeant (D:8)
  A water moccasin zombie (D:4)
  A wyvern zombie (D:11)
  6 scorpions
  A water moccasin skeleton (D:7)
  15 killer bees
  A troll zombie (D:11)
  4 howler monkeys
  4 crimson imps
  2 bullfrog zombies
  2 centaur zombies (D:4)
  A quasit (D:9)
  2 gnoll shamans
  7 hounds
  3 jellies
  Crazy Yiuf (D:5)
  3 bullfrog skeletons
  3 centaur skeletons
  10 orc priests
  4 iguanas
  Terence (D:2)
  Jessica (D:2)
  Ijyb (D:5)
  Natasha (twice) (D:2)
  14 orc wizards
  15 worker ants
  5 ogre zombies (D:11)
  A hound zombie (D:4)
  A hound skeleton (D:4)
  2 worker ant zombies
  A howler monkey skeleton (D:4)
  14 gnolls
  12 adders
  2 shadow imps
  3 oozes
  4 adder skeletons (D:4)
  4 adder zombies
  3 worms
  A dart slug (D:2)
  9 leopard geckos
  43 orcs
  2 ball pythons
  5 giant cockroaches
  9 goblins
  9 hobgoblins
  9 jackals
  8 quokkas
  A ball python zombie (D:4)
  9 bats
  4 frilled lizards
  2 goblin zombies (D:11)
  2 hobgoblin skeletons (D:11)
  A hobgoblin zombie (D:11)
  2 jackal skeletons (D:4)
  24 kobolds
  3 orc skeletons (D:11)
  6 orc zombies (D:11)
  A quokka zombie (D:6)
  8 rats
377 creatures vanquished.

Vanquished Creatures (others)
  A jelly (D:6)
1 creature vanquished.

Grand Total: 378 creatures vanquished

Notes
Turn   | Place    | Note
-------+----------+-------------------------------------------
     0 | D:1      | gruber the Vine Stalker Gladiator began the quest for the
                  | Orb.
     0 | D:1      | Reached XP level 1. HP: 11/11 MP: 2/2
   106 | D:1      | Reached skill level 3 in Staves
   133 | D:1      | Reached XP level 2. HP: 8/15 MP: 3/3
   338 | D:1      | Reached XP level 3. HP: 10/18 MP: 4/4
   379 | D:1      | Reached skill level 4 in Staves
   717 | D:2      | Noticed Terence
   967 | D:2      | Killed Terence
   967 | D:2      | Gained mutation: Your natural rate of healing is unusually
                  | fast. [Vine Stalker growth]
   967 | D:2      | Reached XP level 4. HP: 22/23 MP: 3/5
  1037 | D:2      | Noticed Jessica
  1041 | D:2      | Killed Jessica
  1069 | D:2      | Reached skill level 5 in Staves
  1106 | D:2      | Reached XP level 5. HP: 25/26 MP: 6/6
  1112 | D:2      | Noticed Natasha
  1121 | D:2      | Killed Natasha
  1240 | D:2      | Noticed Natasha
  1243 | D:2      | Killed Natasha
  1366 | D:3      | Found a burning altar of Makhleb.
  1508 | D:3      | You fall through a shaft!
  1508 | D:4      | Noticed an ogre
  1518 | D:4      | Gained mutation: You have large cloven feet. [potion of
                  | mutation]
  1518 | D:4      | Gained mutation: You have an increased reservoir of magic.
                  | (+10% MP) [potion of mutation]
  1518 | D:4      | Gained mutation: You are partially covered in molten
                  | scales. (AC +2) [potion of mutation]
  1531 | D:4      | Killed an ogre
  1531 | D:4      | Reached skill level 6 in Staves
  1531 | D:4      | Reached XP level 6. HP: 15/30 MP: 1/7
  1621 | D:4      | Reached skill level 7 in Staves
  1631 | D:4      | Reached XP level 7. HP: 16/34 MP: 5/8
  1738 | D:4      | Found Korot's Lightly-Used Armoury.
  1840 | D:4      | Reached skill level 8 in Staves
  2246 | D:3      | Gained mutation: You have razor-sharp teeth. [Vine Stalker
                  | growth]
  2246 | D:3      | Reached XP level 8. HP: 22/38 MP: 6/9
  2390 | D:3      | You fall through a shaft for 3 floors!
  2428 | D:6      | Reached skill level 9 in Staves
  2436 | D:6      | Found Noess's Armour Shoppe.
  2530 | D:5      | Entered Level 5 of the Dungeon
  2530 | D:5      | Noticed Ijyb
  2536 | D:5      | Killed Ijyb
  2536 | D:5      | Noticed Prince Ribbit
  2555 | D:5      | Killed Prince Ribbit
  2555 | D:5      | Reached skill level 10 in Staves
  2959 | D:5      | Reached XP level 9. HP: 30/42 MP: 7/10
  3206 | D:5      | Reached skill level 11 in Staves
  3300 | D:5      | Found a runed door.
  3417 | D:5      | Noticed Crazy Yiuf
  3421 | D:5      | Killed Crazy Yiuf
  3482 | D:6      | Noticed Pikel
  3500 | D:6      | Killed Pikel
  3597 | D:6      | Found a staircase to the Ecumenical Temple.
  3610 | D:6      | Reached skill level 12 in Staves
  3620 | Temple   | Entered the Ecumenical Temple
  3650 | Temple   | Became a worshipper of Warmaster Okawaru
  3853 | D:6      | Found Hicsoq's Antique Weapon Shoppe.
  3866 | D:6      | Bought a runed quarterstaff for 175 gold pieces
  4227 | D:7      | Noticed Harold
  4255 | D:7      | Killed Harold
  4255 | D:7      | Reached * piety under Okawaru
  4255 | D:7      | Reached XP level 10. HP: 46/46 MP: 10/12
  4343 | D:7      | Reached skill level 13 in Staves
  4471 | D:7      | Reached ** piety under Okawaru
  4948 | D:8      | Got a faintly humming ring mail
  4949 | D:8      | Identified the +1 ring mail "Xeciuptan" {rPois rC+} (You
                  | found it on level 8 of the Dungeon)
  4967 | D:8      | Found a staircase to the Lair.
  4987 | D:8      | Reached skill level 1 in Armour
  5472 | D:9      | Reached *** piety under Okawaru
  5894 | D:9      | Found a sacrificial altar of Ru.
  6012 | D:10     | Entered Level 10 of the Dungeon
  6028 | D:10     | Noticed a gargoyle
  6035 | D:10     | Reached skill level 5 in Armour
  6048 | D:10     | Killed a gargoyle
  6048 | D:10     | Reached XP level 11. HP: 40/54 MP: 9/13
  6114 | D:10     | Reached **** piety under Okawaru
  6308 | D:10     | Noticed a two-headed ogre
  6331 | D:10     | Killed a two-headed ogre
  6359 | D:10     | Killed an unseen horror
  6619 | D:10     | Noticed a deep troll
  6643 | D:10     | Killed a deep troll
  6753 | D:11     | Reached ***** piety under Okawaru
  7026 | D:11     | Noticed confidenceinterval's ghost (journeyman GnTm)
  7039 | D:11     | Found a runed door.
  7088 | D:11     | Noticed Fannar
  7124 | D:11     | Killed Fannar
  7124 | D:11     | Received a gift from Okawaru
  7159 | D:11     | Reached skill level 5 in Dodging
  7266 | D:11     | Found a staircase to the Orcish Mines.
  7291 | D:11     | Gained mutation: You heal very quickly. [Vine Stalker
                  | growth]
  7291 | D:11     | Reached XP level 12. HP: 58/58 MP: 14/14
  7552 | D:11     | Learned a level 2 spell: Blink
  7572 | D:11     | Noticed Josephine
  7585 | D:11     | HP: 2/58 [Josephine/+1 dagger of electrocution (3)]
  7586 | D:11     | Killed Josephine
  7588 | D:11     | Slain by a wraith

Vault maps used:
D:1:      dpeg_arrival_brainrot, hex_medium, interstate_on_off
D:2:      uniq_jessica, uniq_terence, uniq_natasha
D:3:      overflow_temple_1_default
D:4:      serial_undead, serial_undead_a, serial_undead_b, serial_undead_d,
          serial_undead_e, minmay_shop_damaged
D:5:      first_ration, dk_rats_in_the_wall, uniq_crazy_yiuf_cottage,
          uniq_prince_ribbit1, uniq_ijyb
D:6:      minmay_temple_entry_mist, enter_ossuary_1, serial_shops,
          kennysheep_little_box, shop_fountains, uniq_pikel
D:7:      serial_glass, glass_columns_a, glass_columns_a, glass_columns_a,
          uniq_harold
D:8:      minmay_bubble_buster
D:9:      basic_altar, grunt_decor_one_mirror, kennysheep_generic_room_9
D:10:     kennysheep_just_a_vault
D:11:     zombieorc1_lemuel, hellmonk_ghost_happy_afterlife, uniq_josephine,
          uniq_fannar
Temple:   compressed_dpeg_circular_temple

Skill      XL: |  1  2  3  4  5  6  7  8  9 10 11 12 |
---------------+-------------------------------------+-----
Staves         | 3 4 5 6 7 8 10 12 13 | 13.0
Fighting       | 4 |  4.6
Armour         | 5 8 |  8.0
Dodging        | 5 7 |  7.0
Throwing       | |  1.7

Action                   |  1- 3 |  4- 6 |  7- 9 | 10-12 || total
-------------------------+-------+-------+-------+-------++-------
Melee: Quarterstaff      |    89 |   124 |   363 |   598 ||  1174
       Bite              |    15 |    29 |   110 |   302 ||   456
       Kick              |       |    13 |   130 |    23 ||   166
       Lajatang          |       |       |       |   132 ||   132
Throw: Throwing net      |     1 |       |       |       ||     1
Invok: Heroism           |       |       |       |     8 ||     8
       Finesse           |       |       |       |     1 ||     1
  Use: Potion            |       |     4 |       |     1 ||     5
       Scroll            |       |       |     6 |     2 ||     8
 Stab: Held in net/web   |     2 |       |       |       ||     2
       Sleeping          |       |       |       |     2 ||     2
  Eat: Chunk             |       |     2 |     9 |    10 ||    21
       Ration            |       |       |       |     1 ||     1
Armor: Leather armour    |    29 |    43 |    89 |    40 ||   201
       Skin              |       |   119 |    45 |     7 ||   171
       Ring mail         |       |       |       |   243 ||   243
Dodge: Dodged            |    67 |   104 |   181 |   387 ||   739

Table legend:
 A = Non-vault XP
 B = Vault XP
 C = Vault XP percentage of total XP
 D = Non-vault monster count
 E = Vault monster count
 F = Vault count percentage of total count
                 A         B        C        D         E       F
            +---------+---------+-------+---------+---------+-------
      Total |   14124 |    6470 |  31.4 |     318 |      58 |  15.4
            +---------+---------+-------+---------+---------+-------
        D:1 |      60 |       2 |   3.2 |      30 |       1 |   3.2
        D:2 |      85 |     110 |  56.4 |      19 |       3 |  13.6
        D:3 |     196 |       0 |   0.0 |      35 |       0 |   0.0
        D:4 |     751 |     285 |  27.5 |      30 |      12 |  28.6
        D:5 |     785 |     336 |  30.0 |      29 |       3 |   9.4
        D:6 |     886 |     629 |  41.5 |      26 |       1 |   3.7
        D:7 |     833 |     970 |  53.8 |      13 |       1 |   7.1
        D:8 |    1468 |     682 |  31.7 |      32 |      10 |  23.8
        D:9 |     862 |      46 |   5.1 |      29 |       1 |   3.3
       D:10 |    5470 |     713 |  11.5 |      38 |       1 |   2.6
       D:11 |    2728 |    2697 |  49.7 |      37 |      25 |  40.3
            +---------+---------+-------+---------+---------+-------
